 Dungeon Crawl Stone Soup version 0.32-a0-314-g526f7d4993 (webtiles) character file.

Game seed: 2730560005554684924

1364527 Ruich the Acrobat (level 26, 178/178 HPs)
             Began as a Felid Summoner on Feb 14, 2024.
             Was the Champion of Hepliaklqana.
             Escaped with the Orb
             ... and 3 runes on Feb 16, 2024!
             The game lasted 06:41:49 (111517 turns).

Ruich the Acrobat (Felid Summoner)                Turns: 111517, Time: 06:41:50

Health: 178/178    AC: 27    Str: 10    XL:     26   Next: 46%
Magic:  43/43      EV: 42    Int: 22    God:    Hepliaklqana [******]
Gold:   4276       SH:  0    Dex: 21    Spells: 1/55 levels left
                                        Lives:  2   Deaths: 2

rFire   + .          .
                       - Unarmed
rCold   + . .        (shield unavailable)
rNeg    + . .        (body armour unavailable)
rPois   ∞            (helmet unavailable)
rElec   +            (cloak unavailable)
rCorr   .            (gloves unavailable)
SInv    +            (boots unavailable)
Will    +++..        S - amulet of the Sunfish {RegenMP Int+3}
Stlth   +++          I - ring of protection from cold
HPRegen 0.49/turn    F - ring "Xotozxoa" {rF+ Slay+4}
MPRegen 0.68/turn

%: no passive effects
@: statue-form, on dragon call cooldown, studying 2 skills, very slow
A: slow and powerful, torment resistance 1, boosted hp, reduced essence, very
small, claws 1, fangs 3, see invisible, (shaggy fur 3), stealthy paws, no
weapons or thrown items, no armour, multi-lived, dopey 1, persistent drain
0: Orb of Zot
}: 3/15 runes: decaying, serpentine, slimy
a: Begin Untransformation, Renounce Religion, Recall Ancestor, Ancestor
Identity, Transference, Idealise


You escaped.
You worshipped Hepliaklqana.
Hepliaklqana was exalted by your worship.
You were a living statue of rough stone.
You visited 10 branches of the dungeon, and saw 51 of its levels.
You visited 2 bazaars.
You also visited: Bailey, Gauntlet and Desolation.

You collected 7565 gold pieces.
You spent 3289 gold pieces at shops.


Innate Abilities, Weirdness & Mutations

You are a living statue of rough stone.
Your actions are slow, but your melee attacks are powerful.
You are resistant to unholy torment.
Your maximum health is greatly increased.
Your life essence is reduced to manifest your ancestor. (-10% HP)
You are immune to poison.
You have sharp claws.
You have razor-sharp teeth.
You have supernaturally acute eyesight. (SInv)
((Your thick and shaggy fur keeps you warm. (AC +3, rC+)))
Your paws help you pounce on unaware monsters.
You are incapable of wielding weapons or throwing items.
You cannot wear armour.
You gain extra lives every three experience levels.
You are dopey. (Int -2)
Your health recovers twice as slowly from being drained.


   Skills:
 + Level 20.3 Fighting
 + Level 26.0 Dodging
 + Level 21.5 Stealth
 - Level 3.2 Unarmed Combat
 - Level 15.0 Spellcasting
 - Level 16.0 Hexes
 - Level 25.4 Summonings
 - Level 3.6 Necromancy
 - Level 10.0 Translocations
 - Level 3.1 Fire Magic
 - Level 3.3 Air Magic
 - Level 5.0 Invocations
 - Level 3.7 Evocations
 - Level 16.0 Shapeshifting


You had one spell level left.
You knew the following spells:

 Your Spells              Type           Power      Damage    Failure   Level
d - Dragon's Call         Summ           45%        N/A       11%         9
f - Summon Forest         Summ/Tloc      38%        N/A       1%          5
h - Summon Hydra          Summ           45%        N/A       1%          7
m - Malign Gateway        Summ/Tloc      38%        N/A       2%          7
t - Summon Horrible Thin  Summ           45%        N/A       1%          8
v - Summon Mana Viper     Hex/Summ       82%        N/A       1%          5
x - Summon Cactus Giant   Summ           45%        N/A       0%          6
y - Yara's Violent Unrav  Hex/Alch       25%        3d11      3%          5
B - Blink                 Tloc           100%       N/A       1%          2

Your spell library contained the following spells:

 Spells                   Type           Power      Damage    Failure   Level
 Slow                     Hex            100%       N/A       0%          1
 Summon Small Mammal      Summ           100%       N/A       0%          1
 Apportation              Tloc           100%       N/A       1%          1
 Foxfire                  Conj/Fire      92%        2x1d8     1%          1
 Kiss of Death            Conj/Necr      96%        2d12      1%          1
 Necrotise                Necr           100%       1d9       1%          1
 Freeze                   Ice            64%        1d7       3%          1
 Magic Dart               Conj           64%        1d6       3%          1
 Call Imp                 Summ           100%       N/A       0%          2
 Call Canine Familiar     Summ           91%        N/A       0%          3
 Confusing Touch          Hex            72%        N/A       0%          3
 Sigil of Binding         Hex            72%        N/A       0%          3
 Ensorcelled Hibernation  Hex/Ice        100%       N/A       1%          2
 Lesser Beckoning         Tloc           100%       N/A       1%          2
 Scorch                   Fire           60%        2d7       1%          2
 Dazzling Flash           Conj/Hex       100%       N/A       1%          3
 Gell's Gravitas          Tloc           57%        N/A       1%          3
 Inner Flame              Hex/Fire       55%        N/A       1%          3
 Summon Ice Beast         Ice/Summ       64%        N/A       1%          3
 Teleport Other           Tloc           57%        N/A       1%          3
 Volatile Blastmotes      Fire/Tloc      90%        2d17      1%          3
 Anguish                  Hex/Necr       28%        N/A       1%          4
 Cause Fear               Hex            36%        N/A       1%          4
 Manifold Assault         Tloc           57%        N/A       1%          4
 Martyr's Knell           Necr/Summ      69%        N/A       1%          4
 Passage of Golubria      Tloc           57%        N/A       1%          4
 Summon Blazeheart Golem  Fire/Summ      68%        N/A       1%          4
 Summon Lightning Spire   Summ/Air       68%        N/A       1%          4
 Silence                  Hex/Air        28%        N/A       1%          5
 Cigotuvi's Dreadful Rot  Necr/Alch/Air  52%        N/A       2%          2
 Mercury Vapours          Alch/Air       46%        N/A       2%          2
 Fugue of the Fallen      Necr           32%        N/A       2%          3
 Vampiric Draining        Necr           32%        2d8       2%          3
 Vhi's Electric Charge    Tloc/Air       90%        N/A       2%          4
 Metabolic Englaciation   Hex/Ice        25%        N/A       3%          5
 Iskenderun's Mystic Bla  Conj/Tloc      38%        2d9       4%          4
 Searing Ray              Conj           32%        2d5       5%          2
 Mephitic Cloud           Conj/Alch/Air  21%        N/A       7%          3
 Haunt                    Necr/Summ      34%        N/A       8%          7
 Animate Dead             Necr           32%        N/A       9%          4
 Dispel Undead            Necr           32%        3d14      9%          4
 Dispersal                Tloc           28%        N/A       9%          6
 Frozen Ramparts          Ice            32%        1d5       11%         3
 Hailstorm                Conj/Ice       16%        3d6       11%         3
 Stone Arrow              Conj/Erth      32%        3d9       11%         3
 Flame Wave               Conj/Fire      23%        2d8       19%         4
 Ignite Poison            Fire/Alch      23%        N/A       19%         4
 Sticky Flame             Fire/Alch      23%        2d6       19%         4
 Curse of Agony           Necr           32%        N/A       22%         5
 Brom's Barrelling Bould  Conj/Erth      16%        2d4       34%         4
 Fulminant Prism          Conj/Alch      8%         3d7       34%         4
 Leda's Liquefaction      Alch/Erth      8%         N/A       34%         4
 Borgnjor's Vile Clutch   Necr/Erth      12%        N/A       43%         5
 Arcjolt                  Conj/Air       11%        1d21      45%         5
 Fireball                 Conj/Fire      11%        3d7       47%         5
 Freezing Cloud           Conj/Ice/Air   10%        6-21      54%         5
 Irradiate                Conj/Alch      8%         3d14      69%         5
 Iskenderun's Battlesphe  Conj           16%        2d7       69%         5
 Lee's Rapid Deconstruct  Erth           8%         3d7*      69%         5
 Death Channel            Necr           16%        N/A       77%         6
 Plasma Beam              Fire/Air       15%        2x1d26    83%         6
 Starburst                Conj/Fire      11%        6d5       96%         6
 Disjunction              Tloc           28%        N/A       98%         8
 Bombard                  Conj/Erth      8%         9d2       99%         6
 Eringya's Noxious Bog    Alch           8%         4d6       99%         6
 Sculpt Simulacrum        Ice/Alch       8%         N/A       99%         6
 Borgnjor's Revivificati  Necr           16%        N/A       100%        8
 Infestation              Necr           16%        N/A       100%        8
 Lehudib's Crystal Spear  Conj/Erth      8%         10d3      100%        8
 Maxwell's Capacitive Co  Air            15%        ∞         100%        8
 Death's Door             Necr           16%        N/A       100%        9
 Animate Armour           Summ/Erth      Unusable   N/A       N/A         4
 Dimensional Bullseye     Hex/Tloc       Unusable   N/A       N/A         4

Inventory:

Jewellery
 b - a ring of protection from fire
 m - the ring "Ynuph" {Fly rElec rF- Str+7}
   (You found it in the Desolation of Salt)

   [ring of flight]

   Str+7:     It affects your strength (+7).
   rF-:       It makes you vulnerable to fire.
   rElec:     It insulates you from electricity.
   Fly:       It grants you flight.
 q - an amulet of reflection
 C - a ring of ice
 F - the ring "Xotozxoa" (right paw) {rF+ Slay+4}
   (You found it on level 10 of the Dungeon)

   [ring of slaying]

   Slay+4:    It affects your accuracy & damage with ranged weapons and melee
   (+4).
   rF+:       It protects you from fire.
 G - the ring of Nustara {rN+ Int-2 Dex+3 Stlth+}
   (You found it in the Desolation of Salt)

   [ring of positive energy]

   Int-2:     It affects your intelligence (-2).
   Dex+3:     It affects your dexterity (+3).
   rN+:       It protects you from negative energy.
   Stlth+:    It makes you more stealthy.
 I - a ring of protection from cold (left paw)
 L - a +6 ring of strength
 M - the ring of Xumpi {Wiz Int+3}
   (You acquired it on level 15 of the Dungeon)

   [ring of wizardry]

   Wiz:       It improves your spell success rate.
   Int+3:     It affects your intelligence (+3).
 Q - a ring of resist corrosion
 S - the amulet of the Sunfish (around neck) {RegenMP Int+3}
   (You found it on level 5 of the Pits of Slime)

   [amulet of magic regeneration]

   RegenMP:   It increases your rate of magic regeneration.
   Int+3:     It affects your intelligence (+3).
 V - the ring "Qiedeoso" {rPois rF- EV+5 Int+3 Dex+3}
   (You took it off a purple draconian on level 2 of the Realm of Zot)

   [ring of evasion]

   EV+5:      It affects your evasion (+5).
   Int+3:     It affects your intelligence (+3).
   Dex+3:     It affects your dexterity (+3).
   rF-:       It makes you vulnerable to fire.
   rPois:     It protects you from poison
 Y - the ring "Kyxum" {rPois rC- MP+9 Int+2 Stlth+}
   (You found it on level 2 of the Realm of Zot)

   [ring of poison resistance]

   Int+2:     It affects your intelligence (+2).
   rC-:       It makes you vulnerable to cold.
   rPois:     It protects you from poison MP+9: It affects your magic capacity
   (+9).
   Stlth+:    It makes you more stealthy.
 Z - a ring of willpower
Talismans
 t - a granite talisman (active)
 R - a dragon-blood talisman
 T - a storm talisman
Wands
 e - a wand of polymorph (65)
 o - a wand of flame (140)
 x - a wand of light (14)
 y - a wand of roots (26)
 D - a wand of mindburst (8)
 E - a wand of charming (49)
 N - a wand of digging (15)
Scrolls
 g - 7 scrolls of vulnerability
 k - 9 scrolls of fear
 p - 22 scrolls of teleportation {@r2}
 u - 14 scrolls of fog
 v - a scroll of butterflies
 w - 6 scrolls of poison
 B - 7 scrolls of amnesia
 H - 4 scrolls of immolation
 O - 6 scrolls of blinking
 P - a scroll of torment
 X - 2 scrolls of silence {!r}
Potions
 a - 3 potions of magic
 c - 11 potions of might
 d - 12 potions of curing {@q1}
 f - 11 potions of attraction
 h - a potion of resistance
 i - 8 potions of mutation
 j - 7 potions of haste {@q3}
 l - 5 potions of lignification
 n - a potion of heal wounds {@q2}
 r - 4 potions of ambrosia
 s - 5 potions of brilliance
 z - 6 potions of enlightenment
 U - 2 potions of berserk rage {!q}
 W - 5 potions of invisibility
Miscellaneous
 A - a phantom mirror
 J - a box of beasts
 K - a condenser vane

Dungeon Overview and Level Annotations

Branches:
Dungeon (15/15)            Temple (0/1) D:6            Lair (5/5) D:8
  Swamp (4/4) Lair:3        Snake (4/4) Lair:3        Slime (5/5) Lair:5
    Orc (2/2) D:10            Elf (3/3) Orc:2        Vaults (4/5) D:14
  Crypt (0/3) Vaults:3     Depths (4/4) D:15            Zot (5/5) Depths:4
 Bailey (visited)         Desolation (visited)      Gauntlet (visited)

Altars:
Dithmenos
Fedhas
Hepliaklqana
Kikubaaqudgha
Makhleb
Okawaru
Qazlal
Ru
Sif Muna
Trog
Wu Jian
Zin
The Shining One
Jiyva

Shops:
Orc:1 !!   Orc:2 (*:[   Elf:3 ?   Snake:1 :=:   Vaults:3 [   Depths:3 (?(?:

Portals:
Hell: Depths:1 Depths:2 Depths:3 Depths:4
Abyss: Depths:1 Depths:3
Pandemonium: Depths:2
Ziggurat: Depths:1

Annotations:
Lair:4 3 runed translucent doors, lucidstorm14's ghost, journeyman MiBe
Elf:1 3 runed translucent doors, AutarchDCSS's ghost, adept MDRe; Fymemafa's ghost, adept DEHW
Elf:2 3 runed translucent doors
Depths:1 2 runed translucent doors

#.# #.##.....##.##'## #.#
#.##.##..##.#...## #.##
###.##.............## #..##
#...........^..)..).##
#...#######..♣♣♣♣♣♣♣♣♣.........##
............♣..PP..PP♣.........+.
#.....####..♣..(P..PP♣.........#.
##.##.# #..♣P...PP..♣........#.#
####.# ##.♣PP.I.P..♣.#.....#.##
#.# #.♣..P...PP♣.##...###.# #.#
#.♣..PP...P♣..##+## ##. #.#
##.♣PP..P...♣...#.######
#.####..♣PP..PP..♣.#........#
#..##.#.♣♣♣♣♣♣♣♣♣....#.####.# ###
#D.#D##............#....###.# ..#
#DD.#######...######.........
#.###DD## ##..#### #.....##.#


There were no monsters in sight!


Message History

The blast of flame hits the angel!!
The angel hits your fire dragon with a +1 whip of holy wrath!
The angel hits your fire dragon with a +1 whip of holy wrath.
Your iron dragon barely misses the angel.
Your iron dragon claws the angel.
Your iron dragon tramples the angel.
The angel is shoved backwards!
A dragon arrives to answer your call!
The angel hits your iron dragon with a +1 whip of holy wrath!
The angel hits your iron dragon but does no damage.
Your fire dragon barely misses the angel.
Your fire dragon claws the angel but does no damage.
Your fire dragon misses the angel.
The angel hits your iron dragon but does no damage.
The angel barely misses your iron dragon.
Your iron dragon closely misses the angel.
Your iron dragon misses the angel.
Your iron dragon tramples the angel.
The angel is shoved backwards!
The angel gestures.
The angel is healed somewhat.
The angel hits your iron dragon with a +1 whip of holy wrath!
The angel hits your iron dragon but does no damage.
Your iron dragon breathes metal splinters at the angel.
The spray of metal splinters hits the angel!!!
The angel dies!
Your iron dragon disappears in a puff of smoke!
Your fire dragon disappears in a puff of smoke!
Your iron dragon disappears in a puff of smoke!
The roar of the dragon horde subsides.
There is a staircase leading out of the dungeon here.
You have escaped!

Skill      XL: |  1  2  3  4  5  6  7  8  9 10 11 12 13 14 15 16 17 18 19 20 21 22 23 24 25 26 |
---------------+-------------------------------------------------------------------------------+-----
Dodging        | 3 5 7 10 14 15 16 17 19 20 21 23 25 26 | 26.0
Spellcasting   | 3 4 5 6 7 9 11 12 13 14 15 | 15.0
Summonings     | 5 6 7 8 9 10 14 15 16 17 19 21 24 25 | 25.4
Fighting       | 1 6 10 11 13 14 15 16 18 19 20 | 20.3
Translocations | 1 2 3 5 7 10 | 10.0
Fire Magic     | 1 2 3 |  3.1
Stealth        | 4 7 10 13 15 17 20 21 | 21.5
Hexes          | 3 8 9 12 16 | 16.0
Invocations    | 4 5 |  5.0
Air Magic      | 3 |  3.3
Evocations     | 3 |  3.7
Necromancy     | 3 |  3.6
Shapeshifting  | 8 13 16 | 16.0
Unarmed Combat | 3 |  3.2

Action                     |  1- 3 |  4- 6 |  7- 9 | 10-12 | 13-15 | 16-18 | 19-21 | 22-24 | 25-27 || total
---------------------------+-------+-------+-------+-------+-------+-------+-------+-------+-------++-------
  Melee: Unarmed           |    40 |    44 |    56 |    10 |    51 |    33 |    96 |    59 |    37 ||   426
         Bite              |     3 |     5 |     6 |       |     8 |     4 |    17 |     5 |     8 ||    56
         Punch             |     1 |       |     1 |       |       |     1 |     4 |       |       ||     7
   Cast: Summon Small Mamm |    52 |    26 |    32 |       |       |       |       |       |       ||   110
         Call Canine Famil |     1 |    23 |    39 |    27 |    51 |       |       |       |       ||   141
         Summon Forest     |       |       |    14 |    28 |    73 |   143 |   134 |    85 |     7 ||   484
         Summon Blazeheart |       |       |     2 |     1 |       |       |       |       |       ||     3
         Blink             |       |       |     1 |     3 |     1 |       |     1 |     1 |     1 ||     8
         Summon Mana Viper |       |       |       |    28 |   125 |   186 |   142 |    93 |     7 ||   581
         Summon Cactus Gia |       |       |       |    23 |   143 |   201 |   141 |    89 |     4 ||   601
         Summon Lightning  |       |       |       |       |    18 |     2 |       |       |       ||    20
         Anguish           |       |       |       |       |    17 |    15 |     4 |       |       ||    36
         Summon Hydra      |       |       |       |       |       |   239 |   263 |   123 |     4 ||   629
         Summon Horrible T |       |       |       |       |       |       |     5 |     4 |    20 ||    29
         Malign Gateway    |       |       |       |       |       |       |     3 |     2 |     2 ||     7
         Dragon's Call     |       |       |       |       |       |       |       |    79 |    42 ||   121
 Invoke: Ancestor Identity |       |       |     1 |       |       |       |       |       |       ||     1
         Recall Ancestor   |       |       |       |     2 |     3 |     1 |       |       |     3 ||     9
         Ancestor Life: He |       |       |       |     1 |       |       |       |       |       ||     1
         Idealise          |       |       |       |       |     1 |     3 |       |       |       ||     4
  Evoke: Wand              |       |       |     1 |       |     9 |    16 |       |     1 |    13 ||    40
         Box of beasts     |       |       |       |       |       |       |       |     1 |       ||     1
    Use: Scroll            |       |       |    20 |     4 |     4 |    15 |     4 |     6 |     4 ||    57
         Potion            |       |       |       |       |     2 |     3 |     1 |     2 |     8 ||    16
   Stab: Distracted        |       |       |       |     1 |     3 |     4 |     4 |     3 |     4 ||    19
         Confused          |       |       |       |       |     3 |       |     2 |       |       ||     5
         Paralysed         |       |       |       |       |     2 |       |     5 |     4 |     2 ||    13
         Sleeping          |       |       |       |       |     1 |     3 |     3 |     2 |       ||     9
 Armour: Skin              |    26 |    25 |    29 |    19 |   101 |   145 |   172 |   166 |   109 ||   792
  Dodge: Dodged            |    53 |    79 |    64 |    49 |   377 |   364 |   548 |   429 |   360 ||  2323
  Block: Other             |       |       |    19 |    11 |    86 |    23 |       |       |       ||   139
         Reflection        |       |       |       |       |    11 |     1 |       |       |       ||    12
         Form:             |       |       |       |       |       |     3 |       |       |       ||     3
         Statue            |       |       |       |       |       |     3 |       |       |       ||     3
         Blade             |       |       |       |       |       |     1 |       |       |       ||     1

Levels and vault maps discovered:
D:1:      scummos_arrival_checkerplants, layout_loops_corners,
          shapermc_ecumenical_altar_mp_vishouse, serial_rivers,
          chequers_serial_rivers_small_3, chequers_serial_rivers_micro_e,
          chequers_serial_rivers_large_a, chequers_serial_rivers_room_b,
          chequers_serial_rivers_room_b
D:2:      layout_basic, minmay_circle_x
D:3:      minmay_razor_zed, layout_loops_ring, bloody_makhleb,
          fedhas_ov_isle_minmay, lemuel_round_altar, gammafunk_ghost_necromancy
D:4:      old_forge, layout_layer_cave, trog_three_pillars_becter,
          gammafunk_ghost_grave
D:5:      layout_loops_cross, grunt_temple_overflow_open
D:6:      layout_gridville, temple_green
D:7:      layout_gridville, uniq_prince_ribbit1, uniq_pikel, uniq_jeremiah
D:8:      layout_layer_cave, lair_entry_dummy, enter_bailey_3, uniq_psyche
D:9:      layout_roguey, nicolae_overflow_crystal_walls, uniq_maurice
D:10:     cheibrodos_elevator_heist, layout_rooms, led_sif_book, erik_orc_1,
          grunt_ministairs_3, minivault_8, uniq_urug
D:11:     layout_long_grid, kb_rosetta, uniq_grum
D:12:     layout_basic
D:13:     layout_loops_ring, nicolae_kikubaaqudgha_miasma_corner
D:14:     layout_loops_corners, skrybe_vaults_entry_preservation,
          roderic_roman_lattice
D:15:     grunt_enter_depths_hoard, layout_irregular_city, serial_glass,
          glass_columns_b, glass_columns_a, corexii_leaking_fountain,
          mainiacjoe_okawaru_digging_arena, uniq_josephine
Lair:1:   layout_regular_city, grunt_megastairs_2, serial_bayou_shore_b
Lair:2:   layout_layer_cave, beast_lair_carwin_9, grunt_megastairs_3,
          lemuel_fruit_tree
Lair:3:   layout_gridlike, minmay_swamp_entry_worms,
          minmay_snake_entry_guardpost_medium, gauntlet_entry_generic,
          gammafunk_lair_bear_cave
Lair:4:   layout_gridlike, basic_altar, gammafunk_ghost_split,
          beast_lair_carwin_8
Lair:5:   minmay_lair_end_frog_pond, layout_gridlike,
          nicolae_slime_entry_field_trip, amcnicky_mini_pool_medium
Swamp:1:  tekkud_swamp_unearthing_site, layout_basic_swamp,
          evilmike_swamp_ruin_house_5, evilmike_swamp_ruin_house_2,
          nicolae_swamp_dense_foliage, infiniplex_staircase_pool, uniq_kirke,
          uniq_jorgrun
Swamp:2:  layout_basic_swamp, nicolae_swamp_feature_on_the_river_bank,
          swamp_pool_1_2, uniq_frances
Swamp:3:  layout_basic_swamp, serial_swamp_ruin, evilmike_swamp_ruin_house_1,
          evilmike_swamp_ruin_house_3, evilmike_swamp_ruin_rubble_2,
          swamp_pool_1_2
Swamp:4:  nzn_swamp_witches_coven, layout_basic_swamp, swamp_pool_1_2,
          nicolae_swamp_hydra_murder_den
Snake:1:  layout_chambers, minmay_shop_grove, uniq_louise, uniq_donald
Snake:2:  layout_layer_cave, uniq_vashnia
Snake:3:  nicolae_snake_crotalidae_crossing, layout_concentric_octagons
Snake:4:  johnstein_snake_rune_scales, layout_misc_corridors,
          nicolae_integral_box, uniq_mara
Slime:1:  layout_caves
Slime:2:  layout_caves
Slime:3:  layout_caves
Slime:4:  layout_caves
Slime:5:  slime_pit_nicolae_amoeboid
Orc:1:    layout_caves, serial_shops, shop, nicolae_shop_back_alley_shop
Orc:2:    grunt_orc_gardens, layout_caves, grunt_orc_garden, grunt_orc_garden,
          grunt_orc_garden, grunt_orc_garden, elf_legates
Elf:1:    minmay_elf_arrival_plus, layout_gridlike, gammafunk_ghost_cemetery,
          hangedman_elven_crosses_minicolossus
Elf:2:    elven_hall_of_blades_hangedman_original
          [nicolae_blade_entry_diamond_columns], layout_geoelf_diagonals,
          portal_desolation_entry_garden
Elf:3:    minmay_elf_hall_furrowed, layout_geoelf_octagon, serial_shops,
          nicolae_shop_rolled_up, minmay_misc_feat_diagonals
Vaults:1: nicolae_vaults_angled_halls, v_misc_30, hangedman_vaults_slice,
          nicolae_vaults_prndl, nicolae_vaults_house_3,
          nicolae_vaults_network_periphery, nicolae_vaults_tangram_2,
          vaults_mumra_hex, vaults_mumra_minichess_inversion, v_pattern_1,
          ontoclasm_vaults_misaligned, layout_vaults_omnibox, serial_shops,
          bzr_entry_dummy
Vaults:2: nicolae_vaults_double_plus_1, hangedman_vaults_stream,
          nicolae_vaults_six-pack, vaults_room_door_ring, layout_vaults_omnigrid
Vaults:3: nicolae_vaults_closet_pinwheel_1, nicolae_vaults_holding_cells,
          minmay_crypt_entry_vampire_xt, v_misc_9, nicolae_vaults_meiosis,
          nicolae_vaults_six-pack, nicolae_vaults_what_the_h,
          nicolae_vaults_spaceships, v_misc_14, ontoclasm_vaults_pinch,
          nicolae_vaults_tetromino_L_1, ontoclasm_vaults_decontamination,
          vaults_dpeg_encased_lava, nicolae_vaults_house_1,
          layout_vaults_omnicross, serial_shops, shop
Vaults:4: hangedman_vaults_impose, nicolae_vaults_storage_closets_3,
          nicolae_vaults_lightning_bolt, v_misc_11, vaults_mumra_hexcomb,
          nicolae_vaults_meeting, grunt_vaults_twisty, hangedman_vaults_nails,
          nicolae_vaults_more_shelving_2, layout_vaults_ring, serial_shops,
          bzr_entry_customers
Depths:1: minmay_the_grid_triangle_9x9_recursive_2_mashed
          [minmay_the_grid_triangle_9x9_prize_schism,
          minmay_the_grid_triangle_9x9_tough_junction,
          minmay_the_grid_triangle_9x9_steps,
          minmay_the_grid_triangle_9x9_alien], layout_long_grid,
          enter_ziggurat_e, abyss_entry, grunt_hell_entry_dis_grunt,
          serial_sigils_hangedman_carve, kennysheep_generic_room_10,
          grunt_megastairs_4
Depths:2: minmay_ornate_pinched, layout_gridlike, grunt_mini_vestibule,
          minmay_misc_feat_hallway, serial_curves, eino_curves_02,
          eino_curves_03, rand_demon_pan_entry_8, minmay_misc_feat_plants
Depths:3: minmay_crescents, layout_basic, abyss_entry_crystal,
          pf_hell_entry_tar_spiral, minmay_misc_feat_doors, serial_shops, shop,
          nrook_pool_corridor, minmay_shop_grid_forest,
          infiniplex_staircase_zigzag_4
Depths:4: evilmike_zot_entry_diamond, layout_cave_pools,
          pf_hell_entry_great_geh, nicolae_triple_integral, uniq_sojobo
Zot:1:    layout_onion_interference, grunt_megastairs_5
Zot:2:    layout_gridlike, regret_index_zotdec_banners, st_small_dragon_hoard_4,
          st_large_dragon_hoard_2
Zot:3:    layout_misc_corridors
Zot:4:    layout_onion, regret_index_zot_stipple_split
Zot:5:    layout_gridlike

Notes
Turn   | Place    | Note
-------+----------+-------------------------------------------
     0 | D:1      | Ruich the Felid Summoner began the quest for the Orb.
     0 | D:1      | Reached XP level 1. HP: 9/9 MP: 4/4
   198 | D:1      | Found a faded altar of an unknown god.
   201 | D:1      | Prayed at the altar of an unknown god.
   201 | D:1      | Became a worshipper of the Shining One
   201 | D:1      | Reached * piety under the Shining One
   245 | D:1      | Reached XP level 2. HP: 13/13 MP: 6/6
   582 | D:1      | Reached XP level 3. HP: 14/16 MP: 5/8
   775 | D:1      | Learned a level 3 spell: Call Canine Familiar
  1513 | D:2      | Reached skill level 3 in Dodging
  1530 | D:2      | Reached skill level 3 in Spellcasting
  1530 | D:2      | Reached XP level 4. HP: 10/21 MP: 1/9
  1530 | D:2      | Gained a life (2 lives remaining)
  1772 | D:2      | Reached skill level 5 in Summonings
  1775 | D:2      | Reached skill level 1 in Fighting
  2162 | D:2      | Learned a level 2 spell: Blink
  2483 | D:3      | Found a burning altar of Makhleb.
  2496 | D:3      | Identified the +1 robe of the Sacrificial Victim {rC+
                  | Dex+3}
  2531 | D:3      | Reached skill level 1 in Translocations
  2531 | D:3      | Reached XP level 5. HP: 25/25 MP: 6/10
  2956 | D:3      | Reached skill level 2 in Translocations
  2961 | D:3      | Found a blossoming altar of Fedhas.
  3029 | D:3      | Found a glowing silver altar of Zin.
  3217 | D:3      | Found a runed translucent gate.
  3218 | D:3      | Found a runed translucent gate.
  3218 | D:3      | Found a runed translucent gate.
  3224 | D:3      | Noticed HC7's ghost (amateur TrWr)
  3224 | D:3      | Reached ** piety under the Shining One
  3232 | D:3      | Learned a level 4 spell: Summon Blazeheart Golem
  3383 | D:3      | Gained mutation: You are covered in thick fur. (AC +2)
                  | [Felid growth]
  3383 | D:3      | Reached XP level 6. HP: 30/30 MP: 1/12
  3622 | D:3      | Killed HC7's ghost
  3623 | D:3      | Reached skill level 6 in Summonings
  3623 | D:3      | Reached skill level 3 in Translocations
  3623 | D:3      | Reached skill level 1 in Fire Magic
  3821 | D:3      | Reached XP level 7. HP: 31/33 MP: 8/13
  4347 | D:4      | Reached skill level 4 in Spellcasting
  4533 | D:4      | Found a runed translucent door.
  4540 | D:4      | Noticed Pokonic1's ghost (amateur MiFi)
  4606 | D:4      | Found a bloodstained altar of Trog.
  4620 | D:4      | Reached skill level 4 in Translocations
  4835 | D:4      | Reached skill level 2 in Fire Magic
  4841 | D:4      | Reached skill level 7 in Summonings
  5384 | D:4      | Reached skill level 5 in Translocations
  5384 | D:4      | Reached XP level 8. HP: 37/37 MP: 9/15
  5613 | D:4      | Killed Pokonic1's ghost
  5614 | D:4      | Reached skill level 3 in Fire Magic
  5649 | D:5      | Entered Level 5 of the Dungeon
  5843 | D:5      | Learned a level 5 spell: Summon Forest
  5850 | D:5      | Found a hazy altar of Hepliaklqana.
  5857 | D:5      | Found a shadowy altar of Dithmenos.
  5857 | D:5      | Found a stormy altar of Qazlal.
  5863 | D:5      | Reached skill level 5 in Spellcasting
  5863 | D:5      | Reached skill level 8 in Summonings
  5902 | D:5      | Fell from the grace of the Shining One
  5902 | D:5      | Became a worshipper of Hepliaklqana the Forgotten
  6361 | D:5      | Reached skill level 6 in Translocations
  6793 | D:6      | Reached skill level 7 in Translocations
  6994 | D:6      | Reached XP level 9. HP: 41/41 MP: 11/18
  7045 | D:6      | Reached skill level 8 in Translocations
  7230 | D:6      | Found a staircase to the Ecumenical Temple.
  7230 | D:6      | Reached * piety under Hepliaklqana
  7649 | D:7      | Noticed Prince Ribbit
  7662 | D:7      | Killed Prince Ribbit
  7663 | D:7      | Reached skill level 6 in Spellcasting
  7663 | D:7      | Reached skill level 9 in Translocations
  7828 | D:7      | Noticed Jeremiah
  8043 | D:7      | Reached skill level 3 in Stealth
  8044 | D:7      | Reached skill level 9 in Summonings
  8132 | D:7      | Identified a potion of resistance
  8197 | D:7      | Noticed Pikel
  8203 | D:7      | Killed Pikel
  8204 | D:7      | Reached skill level 4 in Dodging
  8204 | D:7      | Reached skill level 4 in Stealth
  8204 | D:7      | Reached skill level 10 in Translocations
  8215 | D:7      | Learned a level 5 spell: Summon Mana Viper
  8266 | D:7      | Reached skill level 5 in Dodging
  8266 | D:7      | Reached skill level 1 in Hexes
  8370 | D:7      | Jeremiah changed into Jeremiah the komodo dragon
  8370 | D:7      | Noticed Jeremiah
  8379 | D:7      | Killed Jeremiah the komodo dragon
  8380 | D:7      | Reached skill level 2 in Hexes
  8709 | D:8      | Reached skill level 3 in Hexes
  8709 | D:8      | Reached XP level 10. HP: 39/40 MP: 11/20
  8719 | D:8      | Reached skill level 5 in Stealth
  8819 | D:8      | Found a flagged portal.
  8836 | Bailey   | Entered a bailey
  8856 | Bailey   | Reached skill level 4 in Hexes
  9056 | Bailey   | Noticed a vault guard
  9070 | Bailey   | Reached skill level 5 in Hexes
  9075 | Bailey   | Killed a vault guard
  9076 | Bailey   | Reached skill level 6 in Dodging
  9076 | Bailey   | Reached skill level 6 in Stealth
  9076 | Bailey   | Reached skill level 7 in Spellcasting
  9076 | Bailey   | Reached skill level 6 in Hexes
  9185 | Bailey   | Noticed a vault guard
  9196 | Bailey   | Killed a vault guard
  9197 | Bailey   | Reached skill level 7 in Hexes
  9408 | D:8      | Reached ** piety under Hepliaklqana
  9419 | D:8      | Remembered your ancestor Amos as a hexer
  9434 | D:8      | Reached skill level 7 in Dodging
  9436 | D:8      | Reached skill level 7 in Stealth
  9498 | D:8      | Learned a level 6 spell: Summon Cactus Giant
  9551 | D:8      | Noticed Psyche
  9554 | D:8      | Killed Psyche
  9555 | D:8      | Reached skill level 8 in Hexes
  9905 | D:8      | Found a staircase to the Lair.
  9921 | D:8      | Reached skill level 10 in Summonings
 10248 | D:8      | Reached XP level 11. HP: 44/44 MP: 19/23
 10734 | Lair:1   | Entered Level 1 of the Lair of Beasts
 10771 | Lair:1   | Reached skill level 11 in Summonings
 10778 | Lair:1   | Reached skill level 12 in Summonings
 10899 | Lair:1   | Upgraded the game from 0.32-a0-306-gfed3edf829 to
                  | 0.32-a0-314-g526f7d4993
 10920 | Lair:1   | Reached *** piety under Hepliaklqana
 11049 | Lair:1   | Reached skill level 13 in Summonings
 11465 | Lair:1   | Reached skill level 14 in Summonings
 11473 | Lair:1   | Gained mutation: Your thick and shaggy fur keeps you warm.
                  | (AC +3, rC+) [Felid growth]
 11473 | Lair:1   | Reached XP level 12. HP: 42/47 MP: 8/24
 11895 | Lair:1   | Reached skill level 2 in Fighting
 12226 | Lair:2   | Reached **** piety under Hepliaklqana
 12305 | Lair:2   | Noticed a four-headed hydra
 12328 | Lair:2   | Killed a four-headed hydra
 12329 | Lair:2   | Reached skill level 8 in Dodging
 12329 | Lair:2   | Reached skill level 8 in Stealth
 12330 | Lair:2   | Reached skill level 3 in Fighting
 12473 | Lair:2   | Reached skill level 9 in Stealth
 12474 | Lair:2   | Reached skill level 4 in Fighting
 12478 | Lair:2   | Reached skill level 9 in Dodging
 12806 | Lair:2   | Reached skill level 1 in Invocations
 13401 | Lair:2   | Reached skill level 10 in Stealth
 13413 | Lair:2   | Reached skill level 5 in Fighting
 13434 | Lair:2   | Reached skill level 2 in Invocations
 13817 | Lair:3   | Reached skill level 10 in Dodging
 13823 | Lair:3   | Reached skill level 3 in Invocations
 14198 | Lair:3   | Found a gate leading to a gauntlet.
 14203 | Gauntlet | Entered a Gauntlet
 14203 | Gauntlet | Found a transporter.
 14203 | Gauntlet | Found a transporter.
 14211 | Gauntlet | Found a transporter.
 14226 | Gauntlet | Found a transporter.
 14249 | Gauntlet | Found a transporter.
 14253 | Gauntlet | Found the +4 Cigotuvi's embrace {Corpsefed rMiasma ^Drain
                  | rN+}
 14258 | Gauntlet | Found a transporter.
 14262 | Gauntlet | Noticed a reaper
 14348 | Gauntlet | Found a transporter.
 14364 | Gauntlet | Found a transporter.
 14382 | Gauntlet | Found a transporter.
 14391 | Gauntlet | Noticed a cacodemon
 14394 | Gauntlet | Found a transporter.
 14479 | Gauntlet | Found a transporter.
 14480 | Gauntlet | Found a transporter.
 14509 | Lair:3   | Reached skill level 6 in Fighting
 14598 | Lair:3   | Reached skill level 4 in Invocations
 14817 | Lair:3   | Reached ***** piety under Hepliaklqana
 14844 | Lair:3   | Found a staircase to the Swamp.
 14859 | Lair:3   | Reached XP level 13. HP: 58/58 MP: 3/25
 15264 | Lair:3   | Reached skill level 5 in Invocations
 15331 | Lair:3   | Reached skill level 7 in Fighting
 15345 | Lair:3   | Identified the staff of Dowdy Defence {rF+ Int+3 Tloc Fire}
 15543 | Lair:3   | Found a staircase to the Snake Pit.
 16417 | Lair:4   | Reached skill level 11 in Dodging
 16427 | Lair:4   | Reached skill level 8 in Fighting
 16675 | Lair:4   | Found a shadowy altar of Dithmenos.
 16902 | Lair:4   | Found a runed translucent gate.
 16903 | Lair:4   | Found a runed translucent gate.
 16904 | Lair:4   | Found a runed translucent gate.
 16904 | Lair:4   | Noticed lucidstorm14's ghost (journeyman MiBe)
 17029 | Lair:4   | Reached skill level 12 in Dodging
 17582 | Lair:5   | Entered Level 5 of the Lair of Beasts
 17591 | Lair:5   | Reached skill level 9 in Fighting
 18199 | Lair:5   | Reached skill level 13 in Dodging
 18497 | Lair:5   | Reached skill level 10 in Fighting
 19101 | Lair:5   | Reached skill level 14 in Dodging
 19101 | Lair:5   | Reached XP level 14. HP: 69/69 MP: 3/26
 19827 | Lair:5   | Reached skill level 11 in Stealth
 20318 | Lair:5   | Found a staircase to the Slime Pits.
 20352 | Lair:5   | Reached skill level 15 in Dodging
 20432 | Lair:5   | Reached skill level 11 in Fighting
 20453 | Lair:5   | Reached skill level 12 in Stealth
 20616 | Lair:5   | Found a viscous altar of Jiyva.
 21149 | D:8      | Learned a level 4 spell: Summon Lightning Spire
 21172 | D:9      | Noticed Maurice
 21181 | D:9      | Killed Maurice
 21578 | D:9      | Reached skill level 1 in Air Magic
 21661 | D:9      | Found an ornate altar of the Wu Jian Council.
 21899 | D:10     | Entered Level 10 of the Dungeon
 21970 | D:10     | Noticed Urug
 21986 | D:10     | Reached skill level 1 in Evocations
 22154 | D:10     | Killed Urug
 22155 | D:10     | Identified the ring "Xotozxoa" {rF+ Slay+4}
 22641 | D:10     | Reached skill level 2 in Air Magic
 22641 | D:10     | Reached skill level 2 in Evocations
 22962 | D:10     | Found a shimmering blue altar of Sif Muna.
 23011 | D:10     | Found a staircase to the Orcish Mines.
 23033 | D:10     | Identified the +0 animal skin "Jorghecig" {Will+++ Int+4
                  | Slay-3}
 23631 | Orc:1    | Entered Level 1 of the Orcish Mines
 24056 | Orc:1    | Found Faloryoc's Distillery.
 24305 | Orc:1    | Found Tyhuycw's Distillery.
 24375 | Orc:2    | Entered Level 2 of the Orcish Mines
 24375 | Orc:2    | Found Wougen's General Store.
 24384 | Orc:2    | Reached skill level 3 in Evocations
 24581 | Orc:2    | Reached skill level 13 in Stealth
 24585 | Orc:2    | Reached skill level 3 in Air Magic
 24585 | Orc:2    | Reached XP level 15. HP: 43/74 MP: 8/27
 25588 | Orc:2    | Found Cunoteah's Book Shoppe.
 25617 | Orc:2    | Bought the Collected Works on the Oath and the Impact for
                  | 506 gold pieces
 25617 | Orc:2    | Bought a Fen Folio for 462 gold pieces
 26038 | Orc:2    | Learned a level 4 spell: Anguish
 26515 | Orc:2    | Found Fatzil's Antique Weapon Boutique.
 26537 | Orc:2    | Found a staircase to the Elven Halls.
 26539 | Orc:2    | Reached skill level 1 in Necromancy
 26694 | Orc:2    | Reached skill level 2 in Necromancy
 26716 | Orc:2    | Killed from afar by an orc sorcerer
 26716 | Orc:2    | Lost a life (1 life remaining)
 27203 | Orc:2    | Reached skill level 8 in Spellcasting
 27221 | Orc:2    | Found Sutt's Antique Armour Emporium.
 27265 | Orc:2    | Bought a book of the Dragon for 462 gold pieces
 27973 | D:11     | Reached skill level 16 in Dodging
 28181 | D:11     | Identified the +8 flail "Iselug" {protect, Str+2 Int+6}
 28439 | D:11     | Reached skill level 9 in Hexes
 29403 | D:11     | Noticed Grum
 29410 | D:11     | Killed Grum
 29549 | D:12     | Reached skill level 3 in Necromancy
 30779 | D:13     | Identified the +0 spear of the Abyss {spect, Str+2}
 31282 | D:13     | Reached ****** piety under Hepliaklqana
 31489 | D:13     | Found an ancient bone altar of Kikubaaqudgha.
 32871 | D:14     | Reached skill level 15 in Summonings
 33548 | D:14     | Reached skill level 9 in Spellcasting
 34298 | D:14     | Found a gate to the Vaults.
 34519 | D:14     | Reached XP level 16. HP: 79/79 MP: 12/30
 34519 | D:14     | Gained a life (2 lives remaining)
 34741 | D:14     | Learned a level 7 spell: Summon Hydra
 34796 | D:14     | Reached skill level 17 in Dodging
 35459 | D:15     | Entered Level 15 of the Dungeon
 35546 | D:15     | Identified a scroll of acquirement
 35547 | D:15     | Acquired the ring of Xumpi {Wiz Int+3}
 36151 | D:15     | Noticed Josephine
 36374 | D:15     | Killed Josephine
 36971 | D:15     | Found a staircase to the Depths.
 37457 | D:15     | Found an iron altar of Okawaru.
 37457 | D:15     | Identified the +9 battleaxe "Murmur" {venom, rCorr}
 37567 | D:15     | Ruich: #
 37823 | Swamp:1  | Entered Level 1 of the Swamp
 37833 | Swamp:1  | Shot with a bolt by a spriggan berserker
 37833 | Swamp:1  | Lost a life (1 life remaining)
 37847 | Swamp:1  | Reached skill level 16 in Summonings
 38581 | Swamp:1  | Reached skill level 1 in Shapeshifting
 38815 | Swamp:1  | Noticed Kirke
 38835 | Swamp:1  | Reached skill level 2 in Shapeshifting
 39818 | Swamp:1  | Killed Kirke
 39819 | Swamp:1  | Reached skill level 3 in Shapeshifting
 40356 | Swamp:1  | Reached skill level 4 in Shapeshifting
 40512 | Swamp:1  | Noticed Jorgrun
 40595 | Swamp:1  | Killed Jorgrun
 41024 | Swamp:2  | Noticed Frances
 41238 | Swamp:2  | Killed Frances
 41239 | Swamp:2  | Reached skill level 5 in Shapeshifting
 42645 | Swamp:2  | Reached skill level 6 in Shapeshifting
 43863 | Swamp:3  | Reached skill level 7 in Shapeshifting
 45125 | Swamp:3  | Reached skill level 8 in Shapeshifting
 45125 | Swamp:3  | Reached XP level 17. HP: 83/83 MP: 3/31
 45125 | Swamp:3  | Gained a life (2 lives remaining)
 46935 | Swamp:4  | Entered Level 4 of the Swamp
 47814 | Swamp:4  | Reached skill level 9 in Shapeshifting
 49928 | Swamp:4  | Reached skill level 10 in Shapeshifting
 54112 | Swamp:4  | Reached skill level 11 in Shapeshifting
 54253 | Swamp:4  | Identified the +1 war axe of Ludom {speed, rCorr Str+2
                  | Int-2}
 54811 | Swamp:4  | Got a decaying rune of Zot
 56735 | Snake:1  | Entered Level 1 of the Snake Pit
 56845 | Snake:1  | Reached skill level 12 in Shapeshifting
 57121 | Snake:1  | Found Dauqouw's Book Shoppe.
 57125 | Snake:1  | Found Beutus's Book Shoppe.
 57126 | Snake:1  | Found Kadesoss's Jewellery Boutique.
 57141 | Snake:1  | Bought the Incunable of Locality for 714 gold pieces
 57235 | Snake:1  | Noticed Donald
 57241 | Snake:1  | Killed Donald
 57581 | Snake:1  | Noticed Louise
 57584 | Snake:1  | Killed Louise
 58433 | Snake:2  | Noticed Vashnia
 58572 | Snake:2  | Killed Vashnia
 58759 | Snake:2  | Reached skill level 13 in Shapeshifting
 58759 | Snake:2  | Reached XP level 18. HP: 79/87 MP: 20/32
 61670 | Snake:3  | Reached skill level 14 in Shapeshifting
 62532 | Snake:4  | Entered Level 4 of the Snake Pit
 62864 | Snake:4  | Reached skill level 15 in Shapeshifting
 63957 | Snake:4  | Noticed Mara
 63975 | Snake:4  | Noticed Ruich's illusion
 65672 | Snake:4  | Reached skill level 16 in Shapeshifting
 65884 | Snake:4  | Killed Mara
 66381 | Snake:4  | Reached XP level 19. HP: 91/91 MP: 6/33
 66414 | Snake:4  | Reached skill level 12 in Fighting
 66438 | Snake:4  | Reached skill level 10 in Spellcasting
 68878 | Snake:4  | Got a serpentine rune of Zot
 69479 | Vaults:1 | Entered Level 1 of the Vaults
 69609 | Vaults:1 | Reached skill level 18 in Dodging
 69618 | Vaults:1 | Found a flickering gateway to a bazaar.
 69624 | Bazaar   | Entered a bazaar
 69638 | Bazaar   | Found Vaqil's Jewellery Shoppe.
 69638 | Bazaar   | Found Zaehecet's Antique Weapon Emporium.
 69659 | Bazaar   | Found Vugoim's Armour Shoppe.
 69659 | Bazaar   | Found Unoge's Jewellery Emporium.
 69681 | Bazaar   | Found Marezyu's General Store.
 69681 | Bazaar   | Found Jaonetut's Antique Armour Emporium.
 69775 | Bazaar   | Bought a ring of willpower for 225 gold pieces
 69775 | Bazaar   | Bought a ring of flight for 157 gold pieces
 69812 | Bazaar   | Bought a scroll of amnesia for 68 gold pieces
 69812 | Bazaar   | Bought a scroll of fear for 68 gold pieces
 71643 | Vaults:1 | Reached skill level 17 in Summonings
 73492 | Vaults:2 | Found the +3 giant club "Skullcrusher" {speed, Str+7}
 73985 | Vaults:2 | Reached skill level 11 in Spellcasting
 74042 | Vaults:2 | Reached skill level 13 in Fighting
 74468 | Vaults:2 | Learned a level 7 spell: Malign Gateway
 74644 | Vaults:3 | Reached skill level 19 in Dodging
 74645 | Vaults:3 | Reached XP level 20. HP: 98/98 MP: 14/36
 74809 | Vaults:3 | Reached skill level 18 in Summonings
 75299 | Vaults:3 | Found Qabu Xukk's Armour Emporium.
 75521 | Vaults:3 | Found a staircase to the Crypt.
 76729 | Vaults:4 | Found a flickering gateway to a bazaar.
 76749 | Bazaar   | Entered a bazaar
 76757 | Bazaar   | Found Quejojur's Book Shop.
 76764 | Bazaar   | Bought Umuaczu's Vellum of Frostbite and Apparitions for
                  | 432 gold pieces
 76783 | Bazaar   | Found Zuoh's Book Shop.
 78066 | Vaults:4 | Reached skill level 12 in Spellcasting
 78376 | Vaults:4 | Reached skill level 14 in Fighting
 78376 | Vaults:4 | Reached skill level 19 in Summonings
 78873 | Vaults:4 | Identified a scarf of resistance
 79030 | Vaults:4 | Reached skill level 20 in Dodging
 79511 | Depths:1 | Entered Level 1 of the Depths
 79942 | Depths:1 | Reached XP level 21. HP: 104/104 MP: 23/38
 80335 | Depths:1 | Noticed a golden dragon
 80341 | Depths:1 | Killed a golden dragon
 80533 | Depths:1 | Noticed a caustic shrike
 80540 | Depths:1 | Killed a caustic shrike
 80683 | Depths:1 | Found a runed translucent door.
 80685 | Depths:1 | Found a runed translucent door.
 80685 | Depths:1 | Noticed a caustic shrike
 80685 | Depths:1 | Noticed a caustic shrike
 80883 | Depths:1 | Got the Reference Book on Frosty Albedo
 80891 | Depths:1 | Identified the blade talisman of Agnosticism {MP+9 Dex-5
                  | SInv}
 80929 | Depths:1 | You fall into a shaft and drop 1 floor!
 81159 | Depths:2 | Found a gateway to Hell.
 81340 | Depths:2 | Learned a level 8 spell: Summon Horrible Things
 81496 | Depths:2 | Reached skill level 20 in Summonings
 81625 | Depths:2 | HP: 8/135 [fire dragon/blast of flame (9)]
 82049 | Depths:2 | Reached skill level 13 in Spellcasting
 82273 | Depths:2 | Reached skill level 15 in Fighting
 83252 | Depths:2 | Found a one-way gate leading to the halls of Pandemonium.
 83618 | Depths:1 | Found a one-way gateway to a ziggurat.
 84168 | Depths:1 | Found a one-way gate to the infinite horrors of the Abyss.
 86085 | Depths:3 | Reached skill level 21 in Summonings
 86938 | Depths:3 | Got the Vellum of Non-Euclidean Heat
 87413 | Depths:3 | Noticed a caustic shrike
 87419 | Depths:3 | Killed a caustic shrike
 87420 | Depths:3 | Reached XP level 22. HP: 108/109 MP: 15/40
 87427 | Depths:3 | Reached skill level 14 in Spellcasting
 87647 | Depths:3 | Found Umaihaump's Book Shoppe.
 87648 | Depths:3 | Found Zothrocun's Magic Scroll Shoppe.
 87650 | Depths:3 | Found Gooman's Weapon Boutique.
 87651 | Depths:3 | Found Azoenenu's Antique Weapon Shoppe.
 87656 | Depths:3 | Found Ytiz's Magic Scroll Shoppe.
 87691 | Depths:3 | Bought a scroll of blinking for 105 gold pieces
 88557 | Depths:4 | Entered Level 4 of the Depths
 88894 | Depths:4 | Reached skill level 22 in Summonings
 90282 | Depths:4 | Found a gate to the Realm of Zot.
 90382 | Depths:4 | Noticed Sojobo
 90384 | Depths:4 | Paralysed by an air elemental for 1 turns
 90393 | Depths:4 | Killed Sojobo
 90414 | Depths:4 | Reached skill level 23 in Summonings
 90759 | Depths:4 | Learned a level 9 spell: Dragon's Call
 91065 | Elf:1    | Entered Level 1 of the Elven Halls
 91733 | Elf:1    | Found a runed translucent gate.
 91736 | Elf:1    | Found a runed translucent gate.
 91737 | Elf:1    | Found a runed translucent gate.
 91739 | Elf:1    | Noticed Fymemafa's ghost (adept DEHW)
 91739 | Elf:1    | Noticed AutarchDCSS's ghost (adept MDRe)
 92151 | Elf:1    | Identified the +4 chain mail "Asuf" {rC++ Str+3 Int-2}
 92383 | Elf:2    | Reached skill level 24 in Summonings
 92462 | Elf:2    | Found a crumbling gateway.
 92558 | Desolati | Entered the Desolation of Salt
 93046 | Desolati | Identified the +5 mace "Tormentor" {heavy, rN+}
 93179 | Desolati | Identified the +1 leather armour of Dishonesty {^Contam
                  | Regen+ Str+3}
 93362 | Desolati | Identified the ring of Nustara {rN+ Int-2 Dex+3 Stlth+}
 93396 | Desolati | Got the Commentary on Relocated Pyromania
 93533 | Desolati | Identified the +7 spear of Amortisation {flame, rElec rN+
                  | Int+2}
 93538 | Desolati | Reached XP level 23. HP: 113/113 MP: 17/42
 93760 | Desolati | Reached skill level 25 in Summonings
 94107 | Desolati | Found the +10 dark maul {heavy}
 94278 | Desolati | Got the Grimoire of Distorted Left-Handed Acts
 94290 | Desolati | Got Sif Muna's Collected Works on the Forceful Wayfarer
 94321 | Desolati | Identified the ring "Ynuph" {Fly rElec rF- Str+7}
 94972 | Elf:2    | Found a runed translucent gate.
 94982 | Elf:2    | Found a runed translucent gate.
 94983 | Elf:2    | Found a runed translucent gate.
 95388 | Elf:3    | Entered Level 3 of the Elven Halls
 95702 | Elf:3    | Found Ewohisam's Magic Scroll Shop.
 95705 | Elf:3    | Bought a scroll of blinking for 90 gold pieces
 96396 | Elf:3    | Reached skill level 14 in Stealth
 96666 | Elf:3    | Identified the +4 ring mail of the Oni {*Slow rPois rN+}
 96677 | Elf:3    | Reached skill level 1 in Unarmed Combat
 96685 | Elf:3    | Identified the +2 mace of Understanding {speed, *Noise
                  | Str+5}
 96786 | Elf:3    | Reached skill level 2 in Unarmed Combat
 96803 | Elf:3    | Identified the +8 spear of Ipse Dixit {elec, Fly rCorr
                  | MP+9}
 96942 | Elf:3    | Identified the +8 falchion of Asopleu {pain, Fly Will+ MP-9
                  | Int+3}
 97176 | Elf:3    | Reached skill level 3 in Unarmed Combat
 97502 | Elf:3    | Identified the +2 helmet "Poatacom" {rF- rN+ Str+2 Int+8}
 97529 | Elf:3    | Got the Secrets of Geological Carcasses
 97869 | Slime:1  | Entered Level 1 of the Pits of Slime
 97874 | Slime:1  | Reached skill level 10 in Hexes
 98700 | Slime:2  | Reached skill level 11 in Hexes
 98788 | Slime:2  | Reached skill level 12 in Hexes
 98793 | Slime:2  | Reached skill level 15 in Stealth
 99237 | Slime:4  | Reached skill level 21 in Dodging
 99247 | Slime:4  | Reached skill level 16 in Fighting
 99755 | Slime:5  | Entered Level 5 of the Pits of Slime
 99780 | Slime:5  | Reached XP level 24. HP: 119/119 MP: 5/42
 99835 | Slime:5  | Noticed the Royal Jelly
100129 | Slime:5  | Gained mutation: You are dopey. (Int -2) [a shining eye]
100450 | Slime:5  | Reached skill level 22 in Dodging
100596 | Slime:5  | Found the +5 Lochaber axe {reach-cleave, Poleaxe ^Drain}
100598 | Slime:5  | Killed the Royal Jelly
100599 | Slime:5  | Reached skill level 17 in Fighting
100672 | Slime:5  | Identified the amulet of the Sunfish {RegenMP Int+3}
100707 | Slime:5  | Got a slimy rune of Zot
100788 | Slime:5  | Got Loclias's Compendium of Exhumation
101752 | Zot:1    | Entered Level 1 of the Realm of Zot
101756 | Zot:1    | Noticed an electric golem
101762 | Zot:1    | Killed an electric golem
101922 | Zot:1    | Identified the +6 scale mail of the Spheres {+Inv rElec
                  | Will+++ Int-4}
102192 | Zot:1    | Identified the +5 long sword "Iwkekk" {protect, rPois Will+
                  | Int+3}
102980 | Zot:2    | Noticed an orb of fire
102990 | Zot:2    | Killed an orb of fire
102991 | Zot:2    | Reached skill level 16 in Stealth
103162 | Zot:2    | Reached skill level 15 in Spellcasting
103251 | Zot:2    | Reached skill level 23 in Dodging
103747 | Zot:2    | Identified the +7 quarterstaff of Zazekaorr {spect, rElec
                  | rF+ Int+2 Dex+2}
103747 | Zot:2    | Identified the ring "Qiedeoso" {rPois rF- EV+5 Int+3 Dex+3}
104311 | Zot:2    | Identified the ring "Kyxum" {rPois rC- MP+9 Int+2 Stlth+}
104346 | Zot:2    | Found the +7 great mace "Undeadhunter" {deathbane, rN+}
104353 | Zot:2    | Identified the +8 mace "Otzydur" {drain, rElec rF- rC+}
104472 | Zot:3    | Reached skill level 18 in Fighting
104472 | Zot:3    | Reached skill level 17 in Stealth
104479 | Zot:3    | Reached XP level 25. HP: 127/127 MP: 23/43
105192 | Zot:4    | Reached skill level 18 in Stealth
105203 | Zot:4    | Reached skill level 24 in Dodging
105230 | Zot:4    | Reached skill level 13 in Hexes
106021 | Zot:4    | Found a sacrificial altar of Ru.
106138 | Zot:4    | Found a blossoming altar of Fedhas.
106259 | Zot:4    | Identified the +4 ring mail "Joeg" {rPois rN+ Dex-2}
106370 | Zot:4    | Learned a level 5 spell: Yara's Violent Unravelling
106375 | Zot:5    | Entered Level 5 of the Realm of Zot
106395 | Zot:5    | Reached skill level 14 in Hexes
107492 | Zot:5    | Reached skill level 15 in Hexes
107544 | Zot:5    | Noticed a Killer Klown
107550 | Zot:5    | Killed a Killer Klown
107617 | Zot:5    | Noticed an electric golem
107931 | Zot:5    | Noticed an orb of fire
107938 | Zot:5    | Killed an orb of fire
107959 | Zot:5    | Noticed a Killer Klown
107960 | Zot:5    | Noticed an ancient lich
107960 | Zot:5    | Noticed an orb of fire
107960 | Zot:5    | Noticed an ancient lich
108214 | Zot:5    | Noticed a Killer Klown
108225 | Zot:5    | Reached skill level 19 in Stealth
108228 | Zot:5    | Noticed an orb of fire
108231 | Zot:5    | Killed a Killer Klown
108238 | Zot:5    | Killed an orb of fire
108239 | Zot:5    | Reached skill level 19 in Fighting
108384 | Zot:5    | Killed a Killer Klown
108514 | Zot:5    | Noticed a dread lich
108519 | Zot:5    | Killed a dread lich
108520 | Zot:5    | Reached skill level 16 in Hexes
108555 | Zot:5    | Killed an electric golem
108583 | Zot:5    | Noticed a dread lich
108588 | Zot:5    | Killed a dread lich
108631 | Zot:5    | Noticed an orb of fire
108632 | Zot:5    | Gained mutation: Your health recovers twice as slowly from
                  | being drained. [an orb of fire]
108642 | Zot:5    | Killed an orb of fire
108785 | Zot:5    | Noticed a Killer Klown
108788 | Zot:5    | Killed a Killer Klown
108792 | Zot:5    | Noticed a Killer Klown
108796 | Zot:5    | Killed an ancient lich
108803 | Zot:5    | Killed a Killer Klown
108864 | Zot:5    | Noticed an electric golem
108880 | Zot:5    | Killed an orb of fire
108984 | Zot:5    | Noticed an orb of fire
108989 | Zot:5    | Killed an orb of fire
108990 | Zot:5    | Reached skill level 25 in Dodging
109068 | Zot:5    | Noticed a Killer Klown
109073 | Zot:5    | Killed a Killer Klown
109153 | Zot:5    | Reached skill level 20 in Stealth
109173 | Zot:5    | Killed an electric golem
109178 | Zot:5    | Reached XP level 26. HP: 135/135 MP: 25/43
109189 | Zot:5    | Killed an ancient lich
109202 | Zot:5    | Noticed an ancient lich
109204 | Zot:5    | Noticed an ancient lich
109210 | Zot:5    | Killed an ancient lich
109216 | Zot:5    | Killed an ancient lich
109216 | Zot:5    | Noticed an ancient lich
109216 | Zot:5    | Noticed an ancient lich
109221 | Zot:5    | Killed an ancient lich
109228 | Zot:5    | Noticed a dread lich
109241 | Zot:5    | Killed a dread lich
109248 | Zot:5    | Reached skill level 20 in Fighting
109811 | Zot:5    | Killed an ancient lich
109812 | Zot:5    | Reached skill level 21 in Stealth
110776 | Zot:5    | Got the Orb of Zot
110939 | Depths:1 | Valrug: 🐈‍⬛
110994 | D:15     | Valrug: woooooh out of depths
111157 | D:12     | Valrug: 🐲 too strong for you 🔥
111240 | D:9      | Reached skill level 26 in Dodging
111327 | D:6      | CougarLife: 3 rune run?
111389 | D:4      | Valrug: 🧿 🧿 🧿
111389 | D:4      | Ruich: yeah
111389 | D:4      | CougarLife: nice
111389 | D:4      | Ruich: first felid win? :o
111406 | D:4      | Valrug: yassssssss
111414 | D:3      | Ruich: strong kitty
111431 | D:3      | Valrug: 🐈‍⬛ 🐲 🔥
111482 | D:1      | Valrug: be gone, hell beast!
111495 | D:1      | Valrug: 😈 🚫
111516 | D:1      | Ruich: yeaaaaah!
111516 | D:1      | Valrug: 🥳
111516 | D:1      | CougarLife: grats
111516 | D:1      | Valrug: 🥳
111516 | D:1      | Ruich: thanks for watching
111516 | D:1      | Valrug: congrats!
111517 | D:$      | Escaped with the Orb!

Vanquished Creatures
  the Royal Jelly (Slime:5)
  An orb of fire (Zot:5)
  A Killer Klown (Zot:5)
  2 caustic shrikes
  A bone dragon (Depths:4)
  3 Orb Guardians
  2 liches
  5 acid blobs (Slime:5)
  An ancient champion (Depths:2)
  Frances (Swamp:2)
  A storm dragon (Depths:4)
  4 azure jellies (Slime:5)
  A tengu reaver (Depths:3)
  A draconian monk (Depths:4)
  A fenstrider witch (Swamp:4)
  3 fire giants
  A ghost moth (Zot:4)
  A rockslime (Slime:5)
  2 frost giants
  A juggernaut zombie (Depths:1)
  A vault warden (Vaults:3)
  2 ironbound preservers
  2 quicksilver oozes (Slime:5)
  A dire elephant (Vaults:4)
  A spark wasp (Depths:1)
  A red draconian (Zot:2)
  An ettin (Depths:3)
  2 fire dragons
  2 spriggan air magi (Depths:2)
  An ironbound frostheart (Vaults:4)
  A centaur warrior (Vaults:3)
  A boulder beetle (D:12)
  A tengu warrior (Depths:3)
  A deep troll shaman (Depths:3)
  2 spriggan berserkers
  A deep troll earth mage (Depths:3)
  Urug (D:10)
  A deep elf knight (Elf:1)
  9 deep trolls
  An arcanist (D:14)
  An ironbound convoker (Vaults:1)
  A deep elf pyromancer (Elf:1)
  A harpy (Vaults:3)
  2 orc sorcerers (Orc:2)
  Maurice (D:9)
  3 ugly things
  2 moths of wrath
  3 black mambas
  4 yaktaurs
  The ghost of Pokonic1 the Trooper, an amateur MiFi of Qazlal (D:4)
  An ice devil (Depths:4)
  A blink frog (Lair:5)
  A saltling (Desolation)
  5 slime creatures
  A vampire (D:15)
  A wyvern (Lair:3)
  A water elemental (Elf:1)
  A yak (Lair:4)
  A human (Bailey)
  3 vampire mosquitoes
  A swamp worm (Swamp:4)
  5 nameless horrors
  A glowing shapeshifter skeleton (Depths:1)
  A black bear (Lair:4)
  5 hexers
  2 adders
  2 orcs
  A ball python (D:1)
  2 endoplasms (D:1)
  A giant cockroach (D:4)
  3 goblins
  4 hobgoblins
  2 jackals (D:4)
  3 kobolds
  A quokka (D:2)
  6 bats
  2 frilled lizards
  3 rats
  2 snaplasher vines
149 creatures vanquished.

Vanquished Creatures (collateral kills)
  3 dread liches (Zot:5)
  5 orbs of fire
  Mara (Snake:4)
  6 ancient liches (Zot:5)
  Sojobo (Depths:4)
  5 Killer Klowns (Zot:5)
  Vashnia (Snake:2)
  18 golden dragons
  A profane servitor (Depths:1)
  A bone dragon (Depths:2)
  3 electric golems
  A Tzitzimitl (Zot:1)
  A walking crystal tome (Depths:3)
  28 Orb Guardians
  Jorgrun (Swamp:1)
  3 deep elf blademasters (Elf:3)
  A walking frostbound tome (Depths:3)
  2 liches
  9 tentacled monstrosities
  A walking earthen tome (Depths:3)
  3 deep elf master archers (Elf:3)
  5 quicksilver dragons
  A titan (Depths:3)
  17 acid blobs
  3 sphinxes
  2 Executioners
  8 death cobs
  Kirke (Swamp:1)
  A thorn hunter (Swamp:4)
  18 storm dragons
  8 shadow dragons
  2 tengu reavers (Depths:4)
  5 nagarajas (Snake:4)
  8 rockslimes
  2 protean progenitors (Zot:1)
  A draconian monk (Zot:1)
  5 fire giants
  4 draconian shifters
  Donald (Snake:1)
  3 draconian knights
  4 frost giants
  2 fenstrider witches (Swamp:4)
  6 deep elf sorcerers
  6 azure jellies
  9 draconian scorchers
  2 iron dragons
  An imperial myrmidon (Desolation)
  Louise (Snake:1)
  7 vault wardens
  2 orc warlords (Orc:2)
  5 deep elf elementalists
  6 ghouls
  An angel (D:1)
  A spriggan defender (Depths:2)
  A demonspawn blood saint (D:11)
  16 ironbound preservers
  A reaper (Depths:1)
  6 draconian annihilators
  11 quicksilver oozes
  3 very ugly things (Depths:3)
  4 formless jellyfish
  17 stone giants
  4 ironbound thunderhulks
  4 deep elf demonologists (Elf:3)
  6 eleionomae
  15 black draconians
  4 vampire knights
  6 deep elf annihilators (Elf:3)
  9 dire elephants
  9 green draconians
  6 deep elf death magi
  A halazid warlock (Desolation)
  4 spark wasps
  A lorocyproca (Zot:1)
  4 bunyips
  A demonspawn black sun (D:11)
  9 yellow draconians
  2 white draconians (Zot:2)
  10 purple draconians
  6 red draconians
  5 crystal guardians
  2 deep elf high priests (Elf:3)
  9 ragged hierophants (Desolation)
  11 ettins
  Josephine (D:15)
  A merfolk javelineer (Depths:4)
  A blizzard demon (Depths:4)
  6 fire dragons
  An entropy weaver (Vaults:3)
  2 jiangshi (Depths:1)
  3 rakshasas
  4 shambling mangroves (Swamp:4)
  11 yaktaur captains
  13 great orbs of eyes
  10 peacekeepers
  16 vault guards
  9 servants of whispers (Desolation)
  5 spriggan air magi
  A catoblepas (D:13)
  8 ice dragons
  4 hell beasts
  3 ghost crabs
  9 hydras
  2 ogre magi (Swamp:4)
  5 salamander tyrants
  10 alligators
  13 centaur warriors
  2 radroaches (Zot:1)
  6 two-headed ogres
  8 ironbound frosthearts
  13 anacondas
  4 boulder beetles
  19 dancing weapons
  7 tengu warriors
  10 deep troll shamans
  19 naga warriors
  3 vampire magi
  3 death yaks (Lair:5)
  An occultist (Depths:2)
  6 deep troll earth magi
  A hell hog (Depths:2)
  4 shock serpents
  7 spriggan berserkers
  2 orc high priests (Orc:2)
  14 naga sharpshooters
  8 hell knights (Depths:4)
  A sun demon (Depths:2)
  2 skeletal warriors (D:11)
  16 deep elf knights
  6 soul eaters
  8 iron trolls
  4 goliath frogs
  2 death drakes (Zot:2)
  A sixfirhy (Swamp:4)
  10 spriggan druids
  A flayed ghost (Depths:1)
  A shadow demon (Depths:2)
  6 swamp dragons
  4 glowing orange brains
  8 salamander mystics
  7 mana vipers
  43 deep trolls
  An obsidian statue (Zot:5)
  9 deep elf archers
  4 arcanists
  4 bog bodies
  16 lindwurms
  11 naga ritualists
  27 deep elf zephyrmancers
  Pikel (D:7)
  39 deep elf pyromancers
  4 harpies (Vaults:3)
  16 ironbound convokers
  A necromancer (Depths:1)
  5 orc knights
  A fire giant zombie (Depths:1)
  16 salamanders
  A frost giant zombie (Depths:1)
  10 cyclopes
  An oklob plant (Lair:4)
  16 ugly things
  5 orc sorcerers
  3 will-o-the-wisps
  8 shining eyes
  26 elephants
  15 moths of wrath
  3 manticores
  12 guardian serpents
  A black mamba (shapeshifter) (D:15)
  40 black mambas
  A rust devil (D:9)
  14 naga magi
  4 eyes of devastation
  4 smoke demons
  6 molten gargoyles
  2 torpor snails (Lair:5)
  16 vault sentinels
  2 gargoyles (D:10)
  An orange demon (Swamp:4)
  19 cane toads
  2 unseen horrors
  2 kobold demonologists (D:12)
  3 efreet
  A large abomination (D:7)
  A rime drake (Lair:5)
  13 komodo dragons
  18 yaktaurs
  Psyche (D:8)
  A tengu conjurer (Depths:3)
  A freezing wraith (D:14)
  16 trolls
  A bloated husk (Swamp:4)
  3 hellwings
  74 saltlings (Desolation)
  A hornet (shapeshifter) (Elf:1)
  A wolf spider simulacrum (D:13)
  8 tyrant leeches
  20 hornets
  5 polar bears
  Prince Ribbit (D:7)
  11 dream sheep (Lair:5)
  7 glass eyes
  38 blink frogs
  A stone giant simulacrum (Depths:1)
  139 slime creatures
  A culicivora (Vaults:3)
  A jumping spider (Vaults:3)
  11 water elementals
  24 spriggans
  2 air elementals
  3 wyverns
  2 shadows
  The ghost of HC7 the Ruffian, an amateur TrWr (D:3)
  6 vampires
  7 wraiths
  7 fire elementals
  An elf (Vaults:3)
  A redback (Vaults:3)
  5 wargs
  5 hogs (Swamp:1)
  Grum (D:11)
  7 basilisks
  85 yaks
  9 golden eyes
  4 humans
  3 chaos spawn (Swamp:4)
  19 vampire mosquitoes
  44 nagas
  20 swamp worms
  13 water moccasins
  A swamp drake (D:10)
  38 orc warriors
  3 sky beasts
  3 ice beasts
  2 black bears
  5 boggarts (D:14)
  14 wolves
  10 ogres
  15 centaurs
  2 kobold brigands
  2 lemures (D:7)
  42 nameless horrors
  3 necrophages (Swamp:3)
  26 bullfrogs
  5 gnoll sergeants
  8 scorpions
  A wyvern skeleton (D:3)
  4 killer bees (D:9)
  3 electric eels
  4 howler monkeys
  3 lava snakes
  A bullfrog zombie (D:3)
  A centaur zombie (D:3)
  A bombardier beetle (D:3)
  2 gnoll boudas
  A hound (D:6)
  6 jellies
  11 orc priests
  A sleepcap (D:6)
  3 iguanas
  18 orc wizards
  7 hell rats (Lair:4)
  36 gnolls
  8 adders
  2 shadow imps
  3 white imps
  A ribbon worm (D:4)
  3 dart slugs
  63 orcs
  9 endoplasms
  3 giant cockroaches
  15 goblins
  7 hobgoblins
  5 jackals
  18 kobolds
  2 quokkas
  7 ball pythons
  2 bats
  3 frilled lizards
  7 rats
  An aspiring flesh (Zot:1)
2282 creatures vanquished.

Vanquished Creatures (others)
  7 eldritch tentacles
  A draconian scorcher (Zot:5)
  An ironbound thunderhulk (Vaults:4)
  An eleionoma (Swamp:4)
  A hydra (D:14)
  3 centaur warriors
  An ugly thing (D:14)
  A bloated husk (Swamp:2)
  2 air elementals (Elf:2)
  A human (Swamp:1)
  An acid dragon (Zot:2)
  A swamp worm (Swamp:1)
  4 centaurs
  81 hexers
  5 ancestors
  A gnoll (D:8)
  A blazeheart core (D:4)
  34 foxfires
  66 snaplasher vines
213 creatures vanquished.

Grand Total: 2644 creatures vanquished

Table legend: (Time is in decaauts)
 A = Elapsed time spent in this place.
 B = Non-inter-level travel time spent in this place.
 C = Inter-level travel time spent in this place.
 D = Time resting spent in this place.
 E = Time spent auto-exploring this place.
 F = Levels seen in this place.
 G = Mean time per level.
                   A        B        C        D        E       F      G
               +--------+--------+--------+--------+--------+-----+--------+
         Total | 139585 | 133964 |   5621 |  71728 |  28713 |  56 | 2492.6 |
       Dungeon |  25086 |  23181 |   1905 |   8920 |   7966 |  15 | 1672.4 |
          Lair |  11444 |  10670 |    774 |   4944 |   2805 |   5 | 2288.8 |
         Swamp |  18731 |  18291 |    440 |  13537 |   1704 |   4 | 4682.8 |
     Snake Pit |  18813 |  18416 |    397 |  11187 |   3010 |   4 | 4703.2 |
    Slime Pits |   5062 |   4982 |     80 |   1893 |   1447 |   5 | 1012.4 |
  Orcish Mines |   3862 |   3607 |    255 |   2108 |    579 |   2 | 1931.0 |
   Elven Halls |   6616 |   6477 |    139 |   2515 |   1996 |   3 | 2205.3 |
        Vaults |  14482 |  13949 |    533 |   7024 |   3450 |   4 | 3620.5 |
        Depths |  17437 |  16786 |    651 |  10444 |   2724 |   4 | 4359.2 |
           Zot |  13657 |  13214 |    443 |   7244 |   2481 |   5 | 2731.4 |
        Bazaar |    392 |    392 |      0 |      0 |      0 |   2 |  196.0 |
        Bailey |    536 |    536 |      0 |    206 |     34 |   1 |  536.0 |
    Desolation |   3170 |   3170 |      0 |   1704 |    325 |   1 | 3170.0 |
      Gauntlet |    290 |    290 |      0 |      0 |    189 |   1 |  290.0 |
               +--------+--------+--------+--------+--------+-----+--------+

Top non-repeatable levels by time:
 Snake:4: 9956 daAuts
 Swamp:4: 7950 daAuts
   Zot:5: 6559 daAuts
Depths:2: 5783 daAuts
 Swamp:3: 4663 daAuts
Depths:1: 4229 daAuts
Depths:3: 4174 daAuts
Vaults:1: 4090 daAuts
Vaults:4: 3868 daAuts
 Snake:3: 3426 daAuts
    D:14: 3394 daAuts
Vaults:3: 3324 daAuts
   Elf:3: 3284 daAuts
Depths:4: 3250 daAuts
Vaults:2: 3198 daAuts

Table legend:
 A = Non-vault XP
 B = Vault XP
 C = Vault XP percentage of total XP
 D = Non-vault monster count
 E = Vault monster count
 F = Vault count percentage of total count
                 A         B        C        D         E       F
            +---------+---------+-------+---------+---------+-------
      Total |  753212 |  617304 |  45.0 |    1507 |     836 |  35.7
            +---------+---------+-------+---------+---------+-------
        D:1 |      76 |       0 |   0.0 |      29 |       0 |   0.0
        D:2 |      54 |      28 |  34.1 |      15 |       6 |  28.6
        D:3 |     164 |     503 |  75.4 |      22 |      17 |  43.6
        D:4 |     256 |     731 |  74.1 |      18 |      11 |  37.9
        D:5 |     464 |       0 |   0.0 |      13 |       0 |   0.0
        D:6 |     796 |       3 |   0.4 |      16 |       1 |   5.9
        D:7 |    1070 |    1267 |  54.2 |      27 |       3 |  10.0
        D:8 |    1954 |     366 |  15.8 |      31 |       5 |  13.9
        D:9 |    2262 |     551 |  19.6 |      21 |       1 |   4.5
       D:10 |    2168 |    6592 |  75.3 |      21 |      40 |  65.6
       D:11 |    3720 |    3352 |  47.4 |      15 |       7 |  31.8
       D:12 |    7100 |       0 |   0.0 |      23 |       0 |   0.0
       D:13 |    8676 |       0 |   0.0 |      26 |       0 |   0.0
       D:14 |   12630 |    4861 |  27.8 |      32 |       9 |  22.0
       D:15 |    6871 |    5392 |  44.0 |      12 |      10 |  45.5
     Lair:1 |    8388 |    3575 |  29.9 |      29 |       9 |  23.7
     Lair:2 |    5132 |    4435 |  46.4 |      17 |      23 |  57.5
     Lair:3 |    7178 |    2098 |  22.6 |      30 |      12 |  28.6
     Lair:4 |    9602 |    1978 |  17.1 |      47 |       9 |  16.1
     Lair:5 |   18534 |   12085 |  39.5 |      59 |      46 |  43.8
    Swamp:1 |   11653 |    5946 |  33.8 |      32 |      12 |  27.3
    Swamp:2 |   10111 |    1441 |  12.5 |      19 |       1 |   5.0
    Swamp:3 |   22677 |       0 |   0.0 |      38 |       0 |   0.0
    Swamp:4 |   17723 |   28326 |  61.5 |      38 |      39 |  50.6
    Snake:1 |    8698 |    2518 |  22.5 |      18 |       2 |  10.0
    Snake:2 |   18252 |    6752 |  27.0 |      32 |       6 |  15.8
    Snake:3 |   16374 |    5877 |  26.4 |      32 |       9 |  22.0
    Snake:4 |   30317 |   29140 |  49.0 |      62 |      37 |  37.4
    Slime:1 |    9723 |       0 |   0.0 |      23 |       0 |   0.0
    Slime:2 |   13601 |       0 |   0.0 |      36 |       0 |   0.0
    Slime:3 |    2332 |       0 |   0.0 |       9 |       0 |   0.0
    Slime:4 |   15271 |       0 |   0.0 |      26 |       0 |   0.0
    Slime:5 |   22422 |   28353 |  55.8 |      43 |      22 |  33.8
      Orc:1 |    2980 |       0 |   0.0 |      25 |       0 |   0.0
      Orc:2 |    7819 |   15550 |  66.5 |      44 |      43 |  49.4
      Elf:1 |   21860 |   13202 |  37.7 |      36 |      20 |  35.7
      Elf:2 |   23800 |    1662 |   6.5 |      41 |       2 |   4.7
      Elf:3 |   13571 |   35585 |  72.4 |      21 |      30 |  58.8
   Vaults:1 |   22039 |   20802 |  48.6 |      44 |      32 |  42.1
   Vaults:2 |   23264 |    9014 |  27.9 |      29 |      13 |  31.0
   Vaults:3 |   19867 |   29502 |  59.8 |      28 |      40 |  58.8
   Vaults:4 |   30408 |   23984 |  44.1 |      42 |      38 |  47.5
   Depths:1 |   22893 |   26487 |  53.6 |      28 |      22 |  44.0
   Depths:2 |   30852 |   25158 |  44.9 |      37 |      23 |  38.3
   Depths:3 |   40865 |   13826 |  25.3 |      50 |      10 |  16.7
   Depths:4 |   24492 |   18514 |  43.0 |      31 |      13 |  29.5
      Zot:1 |   30051 |    5939 |  16.5 |      27 |       4 |  12.9
      Zot:2 |   40404 |   33018 |  45.0 |      34 |      22 |  39.3
      Zot:3 |   35789 |       0 |   0.0 |      30 |       0 |   0.0
      Zot:4 |   36864 |       0 |   0.0 |      28 |       0 |   0.0
      Zot:5 |   29145 |  129629 |  81.6 |      21 |      48 |  69.6
     Bailey |       0 |    3432 | 100.0 |       0 |      19 | 100.0
 Desolation |       0 |   55830 | 100.0 |       0 |     120 | 100.0
            +---------+---------+-------+---------+---------+-------
